[Event "Qatar Masters-B 2024"]
[Site "Doha"]
[Date "2024.12.12"]
[Round "9.1"]
[White "Achour, Mohamed Anis"]
[Black "Alhassadi, Yousef A."]
[Result "1/2-1/2"]
[ECO "D02"]
[WhiteElo "2051"]
[BlackElo "2126"]
[Annotator "NA"]
[PlyCount "48"]
[EventDate "2024.11.24"]
[EventType "swiss"]
[EventCountry "QAT"]
[SourceTitle "playchess.com"]
[Source "ChessBase"]
[SourceQuality "1"]
[TimeControl "40/5400+30:1800+30"]

1. d4 d5 2. Bf4 e6 3. e3 Nf6 4. Nf3 c5 5. c3 Bd6 6. Bg3 O-O 7. Bd3 Qc7 8. O-O Nbd7 9. Nbd2 Bxg3 10. hxg3 e5 11. dxe5 Nxe5 12. Nxe5 Qxe5 13. Re1 Bf5 14. Nf3 Qe6 15. Ng5 Qc8 16. e4 dxe4 17. Nxe4 Nxe4 18. Bxe4 Bxe4 19. Rxe4 Kh8 20. Kh2 Kg8 21. Kg1 Kh8 22. Kh2 Kg8 23. Kg1 Kh8 24. Kh2 Kg8 1/2-1/2

[Event "Qatar Masters-B 2024"]
[Site "Doha"]
[Date "2024.12.12"]
[Round "9.2"]
[White "Albadri Sattar"]
[Black "Shermuhammadov, Samandar"]
[Result "1/2-1/2"]
[ECO "A57"]
[WhiteElo "2139"]
[BlackElo "2108"]
[Annotator "NA RC"]
[PlyCount "93"]
[EventDate "2024.11.24"]
[EventType "swiss"]
[EventCountry "QAT"]
[SourceTitle "playchess.com"]
[Source "ChessBase"]
[SourceQuality "1"]
[TimeControl "40/5400+30:1800+30"]

1. d4 Nf6 2. c4 c5 3. d5 b5 4. cxb5 a6 5. Nc3 axb5 6. e4 b4 7. Nb5 d6 8. Bf4 Nbd7 9. Nf3 Ba6 10. e5 Qb8 11. Nxd6+ exd6 12. exf6 Bxf1 13. fxg7 Bxg7 14. Kxf1 O-O 15. Ng5 Nf6 16. h4 h6 17. Nf3 Qb5+ 18. Kg1 Qc4 19. Bxd6 Rfd8 20. Rc1 Qxa2 21. Bxc5 Rxd5 22. Qe1 Qxb2 23. Bxb4 Re8 24. Qc3 Qe2 25. Qb3 Ng4 26. Rf1 Qb5 27. Qa2 Rd3 28. Qa5 Qc4 29. Qc5 Qf4 30. Be1 Rxf3 31. Qc6 Rxe1 32. gxf3 Rxf1+ 33. Kxf1 Ne5 34. Qa8+ Kh7 35. Qe4+ Qxe4 36. fxe4 h5 37. Kg2 Ng6 38. Kg3 Be5+ 39. Kg2 Kg7 40. f3 Kf6 41. Kh3 Bd4 42. Rb1 Bf2 43. Rb5 Kg7 44. Kh2 Nxh4 45. Rxh5 Ng6 46. Rf5 Be1 47. Kh3 1/2-1/2

[Event "Qatar Masters-B 2024"]
[Site "Doha"]
[Date "2024.12.12"]
[Round "9.3"]
[White "Hong, Mingren"]
[Black "Akhmediyar, Yernur"]
[Result "1-0"]
[ECO "B31"]
[WhiteElo "1951"]
[BlackElo "1898"]
[Annotator "NA COMBH"]
[PlyCount "115"]
[EventDate "2024.11.24"]
[EventType "swiss"]
[EventCountry "QAT"]
[SourceTitle "playchess.com"]
[Source "ChessBase"]
[SourceQuality "1"]
[TimeControl "40/5400+30:1800+30"]

1. e4 c5 2. Nf3 Nc6 3. Bb5 g6 4. O-O Bg7 5. Re1 e5 6. Bxc6 dxc6 7. d3 Qc7 8. Be3 b6 9. Nbd2 Nf6 10. Nc4 Nd7 11. Qd2 Ba6 12. Qc3 O-O 13. a3 f5 14. Ng5 Rae8 15. Qb3 Kh8 16. exf5 gxf5 17. f4 h6 18. Nf3 e4 19. dxe4 Bxc4 20. Qxc4 Rxe4 21. Qd3 c4 22. Qd2 Nc5 23. Bxc5 bxc5 24. Ne5 Bxe5 25. fxe5 Qxe5 26. Qxh6+ Kg8 27. Qg6+ Kh8 28. Qh5+ Kg7 29. Qg5+ Kh7 30. Rxe4 Qxe4 31. Rd1 Rf7 32. h3 Qe7 33. Qf4 Qe4 34. Qxe4 fxe4 35. Re1 Re7 36. Kf2 Kg6 37. Re3 Kf5 38. Rc3 Ke5 39. Rxc4 Kd5 40. Ra4 Rf7+ 41. Ke3 Rg7 42. g4 Rh7 43. Rxe4 Rxh3+ 44. Kf4 Rh2 45. c4+ Kd6 46. b3 Rf2+ 47. Kg3 Ra2 48. a4 Kc7 49. g5 Ra3 50. Re3 Ra1 51. Kg4 Kb6 52. g6 Rd1 53. g7 Rd8 54. Kf5 Ka5 55. Kf6 a6 56. Kf7 Rd7+ 57. Re7 Rb7 58. b4+ 1-0

[Event "Qatar Masters-B 2024"]
[Site "Doha"]
[Date "2024.12.12"]
[Round "9.4"]
[White "Aryan Mehta"]
[Black "Mahmood Lodhi"]
[Result "0-1"]
[ECO "E70"]
[WhiteElo "1762"]
[BlackElo "2150"]
[Annotator "RC"]
[PlyCount "136"]
[EventDate "2024.11.24"]
[EventType "swiss"]
[EventCountry "QAT"]
[SourceTitle "playchess.com"]
[Source "ChessBase"]
[SourceQuality "1"]
[TimeControl "40/5400+30:1800+30"]

1. d4 Nf6 2. c4 c5 3. d5 g6 4. Nc3 d6 5. e4 Bg7 6. Bd3 O-O 7. Nge2 e6 8. O-O exd5 9. exd5 Ng4 10. f4 Re8 11. Rf3 Nh6 12. h3 Nf5 13. Bxf5 Bxf5 14. Ng3 Bc8 15. Be3 Nd7 16. Qd3 f5 17. Re1 Nf6 18. Bf2 Rxe1+ 19. Bxe1 Bd7 20. Re3 a6 21. a4 Qf8 22. Qe2 Bh6 23. Qf3 Re8 24. Bd2 Rxe3 25. Qxe3 b6 26. Nce2 Qe8 27. Qxe8+ Nxe8 28. b3 Bg7 29. Bc3 b5 30. Bxg7 Kxg7 31. Nc3 Nc7 32. Nge2 Kf6 33. Kf2 h6 34. g3 Ke7 35. Ke3 b4 36. Nd1 a5 37. Ng1 Na8 38. Nf3 Nb6 39. Nb2 Be8 40. Nd2 Bf7 41. Kd3 Kf6 42. Ke3 g5 43. Kf3 Bh5+ 44. Kf2 Nd7 45. Nf1 Kg6 46. Nd2 Nf6 47. Ke3 Kf7 48. Kd3 Kg7 49. Ke3 Kf7 50. Kd3 Bg6 51. Ke3 Kg7 52. Kf3 g4+ 53. Kg2 gxh3+ 54. Kxh3 Bh5 55. Kg2 Ne4 56. Nxe4 fxe4 57. Kh3 Be2 58. Kg2 e3 59. g4 Kf6 60. Kg3 Kg6 61. Kh3 Bd1 62. Kg3 Kf6 63. f5 Kg5 64. Nd3 Bxb3 65. Nxc5 dxc5 66. d6 Kf6 67. Kf3 Bxa4 68. Kxe3 Bc6 0-1

[Event "Qatar Masters-B 2024"]
[Site "Doha"]
[Date "2024.12.12"]
[Round "9.5"]
[White "Araoune, Saadi"]
[Black "Boulrens, Ala Eddine"]
[Result "1-0"]
[ECO "D17"]
[WhiteElo "2085"]
[BlackElo "2144"]
[Annotator "NA RC"]
[PlyCount "65"]
[EventDate "2024.11.24"]
[EventType "swiss"]
[EventCountry "QAT"]
[SourceTitle "playchess.com"]
[Source "ChessBase"]
[SourceQuality "1"]
[TimeControl "40/5400+30:1800+30"]

1. d4 d5 2. c4 c6 3. Nc3 Nf6 4. Nf3 dxc4 5. a4 Bf5 6. Ne5 Nbd7 7. Nxc4 Nb6 8. Ne5 a5 9. f3 e6 10. e4 Bg6 11. Be3 Bb4 12. Be2 O-O 13. O-O Nfd7 14. Nxg6 hxg6 15. Rc1 Qe7 16. Qb3 Rfd8 17. Rfd1 c5 18. d5 c4 19. Bxc4 Nc5 20. Qa2 Bxc3 21. Rxc3 Ncxa4 22. Rc2 exd5 23. Bxd5 Nxd5 24. Rxd5 Rxd5 25. Qxd5 Qb4 26. Kf2 Nxb2 27. Rc7 Qf8 28. Qb3 Rc8 29. Rxc8 Qxc8 30. Qxb2 a4 31. Bd4 f6 32. Qa2+ Kh7 33. Qxa4 1-0

[Event "Qatar Masters-B 2024"]
[Site "Doha"]
[Date "2024.12.12"]
[Round "9.6"]
[White "Syed Abdul Khader"]
[Black "Gyana Sai Santhosh M"]
[Result "1-0"]
[ECO "D35"]
[WhiteElo "1943"]
[BlackElo "2090"]
[Annotator "NA RC"]
[PlyCount "83"]
[EventDate "2024.11.24"]
[EventType "swiss"]
[EventCountry "QAT"]
[SourceTitle "playchess.com"]
[Source "ChessBase"]
[SourceQuality "1"]
[TimeControl "40/5400+30:1800+30"]

1. d4 Nf6 2. c4 e6 3. Nc3 d5 4. cxd5 exd5 5. Bg5 Bb4 6. e3 h6 7. Bh4 g5 8. Bg3 Ne4 9. Nge2 h5 10. h4 Nxg3 11. Nxg3 gxh4 12. Nxh5 c6 13. g3 hxg3 14. Qf3 gxf2+ 15. Kxf2 Be6 16. Bd3 Be7 17. Bf5 Kd7 18. Rac1 Na6 19. Nxd5 Bh4+ 20. Ke2 cxd5 21. Qxd5+ Ke7 22. Qf3 Qb6 23. Rxh4 Rac8 24. Bxe6 Qxb2+ 25. Kd3 fxe6 26. Qf6+ Kd6 27. Qe5+ Ke7 28. Nf4 Rc3+ 29. Rxc3 Nb4+ 30. Ke4 Qb1+ 31. Rd3 Rxh4 32. Qxe6+ Kd8 33. Qf6+ Kd7 34. Qxh4 Qxa2 35. Qh7+ Kd6 36. Rc3 Qb1+ 37. Nd3 Nxd3 38. Qc7+ Ke6 39. Qc8+ Kd6 40. Qd8+ Ke6 41. Qd5+ Ke7 42. Rc7+ 1-0

[Event "Qatar Masters-B 2024"]
[Site "Doha"]
[Date "2024.12.12"]
[Round "9.7"]
[White "Zozek Salah Mohammed"]
[Black "Sharma, Taksh"]
[Result "1-0"]
[ECO "D73"]
[WhiteElo "2206"]
[BlackElo "1863"]
[Annotator "RC"]
[PlyCount "51"]
[EventDate "2024.11.24"]
[EventType "swiss"]
[EventCountry "QAT"]
[SourceTitle "playchess.com"]
[Source "ChessBase"]
[SourceQuality "1"]
[TimeControl "40/5400+30:1800+30"]

1. d4 d5 2. Nf3 Nf6 3. g3 g6 4. Bg2 Bg7 5. O-O O-O 6. c4 c6 7. cxd5 cxd5 8. Ne5 Nc6 9. Nxc6 bxc6 10. Nc3 Nd7 11. Na4 Ba6 12. Re1 e6 13. Be3 Rc8 14. Rc1 Qa5 15. a3 Bc4 16. b4 Qa6 17. Rc3 Rcd8 18. Nb2 Nb6 19. a4 e5 20. Ra3 Rfe8 21. Bf1 Nc8 22. dxe5 Bxe5 23. Nxc4 Qxc4 24. Bc5 Qg4 25. e3 Qe4 26. Bd3 1-0

[Event "Qatar Masters-B 2024"]
[Site "Doha"]
[Date "2024.12.12"]
[Round "9.8"]
[White "Sawan, Eman"]
[Black "Abel Sajan"]
[Result "0-1"]
[ECO "B52"]
[WhiteElo "2065"]
[BlackElo "2053"]
[Annotator "NA RC"]
[PlyCount "100"]
[EventDate "2024.11.24"]
[EventType "swiss"]
[EventCountry "QAT"]
[SourceTitle "playchess.com"]
[Source "ChessBase"]
[SourceQuality "1"]
[TimeControl "40/5400+30:1800+30"]

1. e4 c5 2. Nf3 d6 3. Bb5+ Bd7 4. Bxd7+ Qxd7 5. O-O Nf6 6. Re1 Nc6 7. c3 e6 8. d4 cxd4 9. cxd4 d5 10. e5 Ne4 11. a3 Be7 12. Qd3 O-O 13. Nbd2 Nxd2 14. Bxd2 Rfc8 15. h4 a5 16. Re3 Qd8 17. Nh2 Qb6 18. Bc3 Qa6 19. Qd1 b5 20. Qg4 Qb6 21. Rg3 Bf8 22. Qh5 g6 23. Ng4 Bg7 24. Nf6+ Bxf6 25. exf6 Nxd4 26. Qe5 Nf5 27. Rg5 Rc4 28. g4 Re4 29. Qh2 Nd4 30. Kg2 Qb8 31. Qxb8+ Rxb8 32. f3 Rf4 33. Rf1 h6 34. Re5 Nc6 35. Re2 Rc4 36. Bd2 Nd4 37. Ref2 h5 38. gxh5 gxh5 39. Kh2 Nf5 40. Rg1+ Kh7 41. f4 Rc2 42. Rg5 Kh6 43. b4 axb4 44. axb4 Ra8 45. Rfg2 Raa2 46. Rg8 Kh7 47. R8g5 Rxd2 48. Rxh5+ Nh6 49. f5 Rxg2+ 50. Kh3 Rgb2 0-1